 Dungeon Crawl Stone Soup version 0.31-a0-150-g89dc3ad700 (webtiles) character file.

Game seed: 8821676989024499390

2926 qw the Skirmisher (level 9, -1/79 HPs)
             Began as a Minotaur Hunter on June 8, 2023.
             Was a Believer of Okawaru.
             Succumbed to a hornet's poison
             ... on level 8 of the Dungeon.
             The game lasted 00:02:16 (6282 turns).

qw the Skirmisher (Minotaur Hunter)                 Turns: 6282, Time: 00:02:16

Health: -1/79      AC: 10    Str: 15    XL:     9   Next: 50%
Magic:  9/11       EV: 17    Int:  6    God:    Okawaru [**....]
Gold:   474        SH:  0    Dex: 19    Spells: 8/8 levels left

rFire   . . .        Y - +2 longbow (flame)
rCold   . . .        (shield currently unavailable)
rNeg    . . .        e - +0 ring mail
rPois   .            (helmet restricted)
rElec   .            (no cloak)
rCorr   .            (no gloves)
SInv    .            (no boots)
Will    .....        (no amulet)
Stlth   +++          k - +4 ring of protection
HPRegen 0.33/turn    d - +4 ring of slaying {mikee}
MPRegen 0.12/turn

%: no passive effects
@: lethally poisoned (-1 -> -8), heroic, slowed, very slow
A: horns 2, retaliatory headbutt
a: Renounce Religion, Heroism


You were on level 8 of the Dungeon.
You worshipped Okawaru.
Okawaru was pleased with you.
You visited 2 branches of the dungeon, and saw 9 of its levels.
You also visited: Sewer.

You collected 474 gold pieces.


Innate Abilities, Weirdness & Mutations

You have a pair of horns on your head.
You reflexively headbutt those who attack you in melee.


   Skills:
 - Level 7.0(12.0) Fighting
 + Level 11.9(16.9) Ranged Weapons
 - Level 2.1(7.1) Armour
 - Level 5.0(10.0) Dodging
 - Level 0.7(5.7) Stealth
 - Level 4.1 Invocations


You had 8 spell levels left.
You didn't know any spells.
Your spell library was empty.

Inventory:

Hand Weapons
 Y - a +2 longbow of flaming (weapon)
Armour
 e - a +0 ring mail (worn)
Jewellery
 d - a +4 ring of slaying (right hand) {mikee}
 k - a +4 ring of protection (left hand)
Scrolls
 a - 3 scrolls of identify
Potions
 c - a potion of cancellation
 f - a potion of might
 g - 4 potions of curing

Dungeon Overview and Level Annotations

Branches:
Dungeon (8/15)             Temple (1/1) D:4           Sewer (visited)
   Lair: D:8-11

Altars:
Ashenzari
Dithmenos
Fedhas
Gozag
Hepliaklqana
Kikubaaqudgha
Makhleb
Nemelex Xobeh
Okawaru
Ru
Sif Muna
Uskayaw
Wu Jian
Xom
Yredelemnul
Zin
The Shining One

Portals:
Abyss: D:3

Annotations:
D:3 2 transporters, qw's ghost, weakling MiHu


Message History

The hornet stings you.
You feel yourself slow down.
You shoot an arrow. The arrow barely misses the hornet.
The hornet stings you.
You are poisoned.
You feel as though you will be slow longer.
The hornet stings you!
You are more poisoned.
You feel as though you will be slow longer.
The hornet closely misses you.
6277 ||| INVOKING Heroism.
You gain the combat prowess of a mighty hero.
You feel very sick. The hornet stings you!
You are more poisoned.
You suddenly lose the ability to move!
The hornet completely misses you.
You feel very sick.
The hornet stings you but does no damage.
The hornet stings you!
You feel as though you will be slow longer.
You feel very sick. The hornet stings you.
You feel as though you will be slow longer.
You can move again.
6280 ||| READING scroll of teleportation.
As you read the scroll of teleportation, it crumbles to dust.
You feel strangely unstable.
You feel very sick. The hornet barely misses you. The sky beast misses you.
You furiously retaliate!
You headbutt the sky beast!
The hornet stings you but does no damage.
The sky beast completely misses you.
You shoot an arrow. The arrow hits the hornet!!
The arrow burns the hornet.
You kill the hornet!
Okawaru is honoured by your kill.
You feel very sick.
The sky beast hits you but does no damage.
You shoot an arrow. The arrow barely misses the sky beast.
Your surroundings suddenly seem different.
Found 12 gold pieces and a trident.
You die...

.... ... #
... #. #.#
#.###+##
..#
+......###
..#
#..).....
..#
#.......#
..# ..
#...$...#
..#..#
#.....@.#
..#.#
#.......#
....#
#.......#
..#.#
.........#
..#
.........#
..#
....##.#.#
..# ....
#. .# ..#
### #. .#
..#


There were no monsters in sight!

Vanquished Creatures
  A hornet (D:8)
  3 swamp worms (D:7)
  A water moccasin (D:6)
  2 sky beasts (D:7)
  2 orc warriors
  A black bear (D:7)
  A centaur (D:7)
  2 phantoms
  A bullfrog (D:7)
  4 scorpions
  3 wights (D:6)
  6 killer bees (D:7)
  3 jellies
  6 orc priests
  Jessica (D:3)
  2 iguanas
  Natasha (thrice) (D:3)
  4 orc wizards
  A sickly merfolk siren (Sewer)
  A malarious merfolk avatar (Sewer)
  Robin (D:3)
  3 gnolls (D:5)
  10 adders
  2 river rats (Sewer)
  2 shadow imps
  An ufetubus (D:7)
  3 dart slugs
  20 orcs
  3 endoplasms
  8 giant cockroaches
  19 goblins
  11 hobgoblins
  6 jackals
  6 quokkas
  7 ball pythons
  4 bats
  5 frilled lizards
  13 kobolds
  27 rats
199 creatures vanquished.

Notes
Turn   | Place    | Note
-------+----------+-------------------------------------------
     0 | D:1      | qw the Minotaur Hunter began the quest for the Orb.
     0 | D:1      | Reached XP level 1. HP: 18/18 MP: 0/0
     0 | D:1      | 0 ||| qw: Version: 0.2-a-120-gdf1a93b
     0 | D:1      | 0 ||| qw: Game counter: 2963
     0 | D:1      | 0 ||| qw: Always use a shield: true
     0 | D:1      | 0 ||| qw: God list: Okawaru
     0 | D:1      | 0 ||| qw: Allow faded altars: false
     0 | D:1      | 0 ||| qw: Do Orc after D:15 true
     0 | D:1      | 0 ||| qw: Do second Lair branch before Depths: true
     0 | D:1      | 0 ||| qw: Lair rune preference: random
     0 | D:1      | 0 ||| qw: Plans: Normal
     0 | D:1      | 0 ||| PLANNING D:1-11
   242 | D:1      | Reached skill level 5 in Ranged Weapons
   242 | D:1      | Reached XP level 2. HP: 25/25 MP: 1/1
   386 | D:1      | Reached skill level 3 in Fighting
   638 | D:1      | Reached XP level 3. HP: 31/31 MP: 2/2
   971 | D:1      | 971 ||| UPGRADING to +0 ring mail.
   981 | D:1      | 981 ||| DROPPING +0 leather armour.
   982 | D:1      | 982 ||| READING 2 scrolls labelled HAISUDUOHU.
   983 | D:1      | 983 ||| READING scroll labelled UCHESARAEH.
   984 | D:1      | 984 ||| READING scroll labelled TIYCEN KYMITS.
   984 | D:1      | Identified a scroll of acquirement
   984 | D:1      | 984 ||| ACQUIRING +0 longbow of flaming
   984 | D:1      | Acquired a +0 longbow of flaming
   986 | D:1      | 986 ||| SWAPPING to +0 longbow of flaming.
   987 | D:1      | 987 ||| DROPPING +0 shortbow of freezing.
   988 | D:1      | 988 ||| DROPPING scroll of butterflies.
  1149 | D:2      | Reached skill level 1 in Armour
  1703 | D:2      | 1703 ||| UPGRADING to +4 ring of protection.
  1704 | D:2      | 1704 ||| READING scroll labelled IPI BIN YNEEM.
  1705 | D:2      | 1705 ||| READING scroll labelled LASIAGHOSK.
  1706 | D:2      | 1706 ||| READING scroll labelled JURUSY FAMIJUSH.
  1750 | D:3      | 1750 ||| PLANNING SEWER
  1810 | D:3      | Noticed Robin
  1816 | D:3      | Reached XP level 4. HP: 30/38 MP: 3/3
  1824 | D:3      | Killed Robin
  1824 | D:3      | HP: 9/38 [goblin/+0 club[Robin] (2)]
  1825 | D:3      | Reached skill level 6 in Ranged Weapons
  1979 | D:3      | Noticed Jessica
  1981 | D:3      | Killed Jessica
  2010 | D:3      | Found a faded altar of an unknown god.
  2084 | D:3      | Reached XP level 5. HP: 46/46 MP: 4/4
  2138 | D:3      | Noticed qw's ghost (weakling MiHu)
  2147 | D:3      | Found a transporter.
  2153 | D:3      | Found a transporter.
  2179 | D:3      | Noticed a small abomination
  2198 | D:3      | 2198 ||| READING scroll of enchant weapon.
  2198 | D:3      | 2198 ||| ENCHANTING +1 longbow of flaming.
  2205 | D:3      | Noticed Natasha
  2207 | D:3      | Killed Natasha
  2216 | D:3      | Found a one-way gate to the infinite horrors of the Abyss.
  2234 | D:3      | Noticed Natasha
  2235 | D:3      | Killed Natasha
  2297 | D:3      | Noticed Natasha
  2298 | D:3      | Killed Natasha
  2354 | D:3      | Found a glowing drain.
  2359 | D:3      | Reached skill level 7 in Ranged Weapons
  2361 | D:3      | 2361 ||| Stepping ~*~*~tactically~*~*~ (water).
  2371 | Sewer    | Entered a sewer
  2373 | Sewer    | 2373 ||| Stepping ~*~*~tactically~*~*~ (water).
  2457 | Sewer    | Reached XP level 6. HP: 52/52 MP: 5/5
  2491 | Sewer    | 2491 ||| Stepping ~*~*~tactically~*~*~ (water).
  2493 | Sewer    | 2493 ||| Stepping ~*~*~tactically~*~*~ (water).
  2558 | Sewer    | 2558 ||| Stepping ~*~*~tactically~*~*~ (water).
  2701 | Sewer    | 2701 ||| DROPPING potion of enlightenment.
  2715 | D:3      | 2715 ||| PLANNING D:1-11
  2902 | D:4      | Reached skill level 8 in Ranged Weapons
  2946 | D:4      | You fall into a shaft and drop 1 floor!
  2946 | D:5      | Entered Level 5 of the Dungeon
  2947 | D:5      | 2947 ||| READING scroll labelled CEOSSU KOKK.
  3017 | D:4      | Found a staircase to the Ecumenical Temple.
  3018 | D:4      | 3018 ||| PLANNING TEMPLE
  3018 | D:4      | 3018 ||| READING scroll labelled XUONGU HYDUAD.
  3019 | D:4      | 3019 ||| DRINKING 3 lumpy brown potions.
  3028 | D:4      | 3028 ||| DROPPING 2 potions of ambrosia.
  3037 | Temple   | Entered the Ecumenical Temple
  3038 | Temple   | 3038 ||| PLANNING OKAWARU WORSHIP
  3044 | Temple   | Became a worshipper of Warmaster Okawaru
  3044 | Temple   | 3044 ||| PLANNING D:1-11
  3496 | D:4      | 3496 ||| READING 3 scrolls of identify.
  3496 | D:4      | 3496 ||| IDENTIFYING murky golden potion
  3497 | D:4      | 3497 ||| READING 2 scrolls of identify.
  3497 | D:4      | 3497 ||| IDENTIFYING pink potion
  3498 | D:4      | 3498 ||| DROPPING potion of degeneration.
  3694 | D:5      | Reached XP level 7. HP: 60/60 MP: 6/6
  3860 | D:5      | 3860 ||| Stepping ~*~*~tactically~*~*~ (outnumbered).
  3866 | D:5      | Reached skill level 3 in Dodging
  3973 | D:5      | 3973 ||| DROPPING +6 ring of intelligence.
  3974 | D:5      | 3974 ||| READING scroll labelled FEEDIH EDAUF.
  3975 | D:5      | 3975 ||| READING 3 scrolls of identify.
  3975 | D:5      | 3975 ||| IDENTIFYING blue potion
  3976 | D:5      | 3976 ||| READING 2 scrolls of identify.
  3976 | D:5      | 3976 ||| IDENTIFYING lumpy clear potion
  3977 | D:5      | 3977 ||| DROPPING potion of invisibility.
  4020 | D:6      | Reached skill level 9 in Ranged Weapons
  4021 | D:6      | Reached * piety under Okawaru
  4042 | D:6      | Reached skill level 1 in Invocations
  4140 | D:6      | 4140 ||| INVOKING Heroism.
  4180 | D:6      | 4180 ||| INVOKING Heroism.
  4183 | D:6      | Reached XP level 8. HP: 63/70 MP: 5/8
  4218 | D:6      | Reached skill level 6 in Fighting
  4230 | D:6      | Found a glowing silver altar of Zin.
  4469 | D:6      | 4469 ||| INVOKING Heroism.
  4470 | D:6      | 4470 ||| Stepping ~*~*~tactically~*~*~ (outnumbered).
  4474 | D:6      | 4474 ||| Stepping ~*~*~tactically~*~*~ (outnumbered).
  4567 | D:6      | 4567 ||| INVOKING Heroism.
  4677 | D:6      | Reached skill level 10 in Ranged Weapons
  4800 | D:6      | Reached skill level 3 in Invocations
  5025 | D:6      | 5025 ||| READING scroll labelled SYUMORRUXIPH.
  5026 | D:6      | 5026 ||| READING scroll labelled KUIH ZAOTI.
  5027 | D:6      | 5027 ||| DRINKING 4 fuming brown potions.
  5111 | D:7      | Found an opulent altar of Gozag.
  5382 | D:7      | 5382 ||| INVOKING Heroism.
  5386 | D:7      | Reached XP level 9. HP: 30/79 MP: 8/11
  5388 | D:7      | HP: 19/79 [killer bee (2)]
  5389 | D:7      | 5389 ||| READING 2 scrolls of teleportation.
  5391 | D:7      | Reached ** piety under Okawaru
  5393 | D:7      | HP: 11/79 [poisoned by a killer bee]
  5644 | D:7      | 5644 ||| INVOKING Heroism.
  5673 | D:7      | 5673 ||| INVOKING Heroism.
  5675 | D:7      | Reached skill level 11 in Ranged Weapons
  5756 | D:7      | 5756 ||| INVOKING Heroism.
  5759 | D:7      | 5759 ||| Stepping ~*~*~tactically~*~*~ (outnumbered).
  5782 | D:7      | 5782 ||| INVOKING Heroism.
  6201 | D:7      | 6201 ||| UPGRADING to +4 ring of slaying {mikee}.
  6202 | D:7      | 6202 ||| DROPPING ring of magical power.
  6277 | D:8      | 6277 ||| INVOKING Heroism.
  6277 | D:8      | Paralysed by a hornet for 3 turns
  6279 | D:8      | HP: 16/79 [poisoned by a hornet]
  6280 | D:8      | 6280 ||| READING scroll of teleportation.
  6280 | D:8      | HP: 4/79 [poisoned by a hornet]
  6281 | D:8      | HP: 1/79 [poisoned by a hornet]
  6282 | D:8      | Succumbed to a hornet's poison

Levels and vault maps discovered:
D:1:      dpeg_arrival_tiny_d, layout_loops_corners,
          corexii_item_surrounded_by_moat
D:2:      layout_loops_ring
D:3:      layout_basic, portal_sewer_entry_f, gammafunk_ghost_abyssal_escape,
          chequers_ecumenical_altar_island, uniq_jessica, uniq_natasha,
          uniq_robin
D:4:      layout_loops_ring, minmay_temple_entry_crystal_x, minivault_11
D:5:      layout_rooms, chequers_serial_rivers_small_a, mrwooster_statue_mirror
D:6:      layout_gridville, zin_academy, minivault_24
D:7:      layout_cave_pods, grunt_gozag_breadcrumbs, worms_lemuel
D:8:      layout_basic, jmf_multi_god_temple2, mainiacjoe_overflow_alcove_1,
          vehumet_statue
Temple:   nicolae_temple_no_exploring_needed

Skill      XL: |  1  2  3  4  5  6  7  8  9 |
---------------+----------------------------+-----
Ranged Weapons | 5 6 7 8 9 10 11 | 11.9
Fighting       | 3 4 5 7 |  7.0
Armour         | 1 2 |  2.1
Dodging        | 3 4 5 |  5.0
Invocations    | 2 4 |  4.1
Stealth        | |  0.7

Action                     |  1- 3 |  4- 6 |  7- 9 || total
---------------------------+-------+-------+-------++-------
   Fire: Shortbow          |    76 |       |       ||    76
         Longbow           |    61 |   150 |   161 ||   372
 Invoke: Heroism           |       |       |    10 ||    10
    Use: Scroll            |     6 |     5 |     7 ||    18
         Potion            |       |     1 |     1 ||     2
 Armour: Leather armour    |     5 |       |       ||     5
         Ring mail         |    22 |    48 |    40 ||   110
  Dodge: Dodged            |    29 |    51 |    97 ||   177

Table legend:
 A = Non-vault XP
 B = Vault XP
 C = Vault XP percentage of total XP
 D = Non-vault monster count
 E = Vault monster count
 F = Vault count percentage of total count
                 A         B        C        D         E       F
            +---------+---------+-------+---------+---------+-------
      Total |    3384 |     796 |  19.0 |     136 |      63 |  31.7
            +---------+---------+-------+---------+---------+-------
        D:1 |      53 |       0 |   0.0 |      28 |       0 |   0.0
        D:2 |      33 |       0 |   0.0 |      19 |       0 |   0.0
        D:3 |     132 |     115 |  46.6 |      16 |      18 |  52.9
        D:4 |     105 |       0 |   0.0 |      12 |       0 |   0.0
        D:5 |     348 |       0 |   0.0 |      18 |       0 |   0.0
        D:6 |    1146 |       0 |   0.0 |      20 |       0 |   0.0
        D:7 |    1296 |     471 |  26.7 |      22 |       3 |  12.0
        D:8 |     271 |       0 |   0.0 |       1 |       0 |   0.0
      Sewer |       0 |     210 | 100.0 |       0 |      42 | 100.0
            +---------+---------+-------+---------+---------+-------
